 Dungeon Crawl Stone Soup version 0.30.0-19-g36f170ea60 (webtiles) character file.

Game seed: 7146224467839503520

23 Woods the Scratcher (level 2, 0/12 HPs)
             Began as a Felid Transmuter on May 31, 2023.
             Slain by a frilled lizard (3 damage)
             ... on level 2 of the Dungeon.
             The game lasted 00:04:07 (950 turns).

Woods the Scratcher (Felid Transmuter)               Turns: 950, Time: 00:04:08

Health: 0/12       AC:  1    Str:  6    XL:     2   Next: 75%
Magic:  6/6        EV: 17    Int: 14    God:
Gold:   55         SH:  0    Dex: 16    Spells: 1/5 levels left
                                        Lives:  0   Deaths: 0

rFire   . .          .
                       - Unarmed
rCold   . . .        (shield unavailable)
rNeg    . . .        (body armour unavailable)
rPois   .            (helmet unavailable)
rElec   .            (cloak unavailable)
rCorr   .            (gloves unavailable)
SInv    +            (boots unavailable)
Will    +....        (no amulet)
Stlth   ++           d - ring of willpower
HPRegen 0.22/turn    (no ring)
MPRegen 0.10/turn

%: no passive effects
@: appendages (expiring), quick
A: horns 2, very small, claws 1, fangs 3, see invisible, speed 1, shaggy fur 1,
stealthy paws, no weapons or thrown items, no armour, multi-lived
a: End Transformation


You were on level 2 of the Dungeon.
You had temporarily grown beastly horns.
You visited 1 branch of the dungeon, and saw 2 of its levels.

You collected 55 gold pieces.

Inventory:

Jewellery
 d - a ring of willpower (left paw)
Scrolls
 c - a scroll of teleportation {unknown}
 h - a scroll of poison {unknown}
 i - a scroll of brand weapon {unknown}
 j - 2 scrolls of identify {unknown}
Potions
 a - a potion of lignification
 b - a potion of mutation {unknown}
 e - 2 potions of resistance {unknown}
 f - 2 potions of might {unknown}
 g - a potion of degeneration {unknown}


   Skills:
 + Level 1.4 Fighting
 + Level 3.1 Dodging
 * Level 2.2 Stealth
 + Level 3.2 Unarmed Combat
 - Level 2.0 Spellcasting
 - Level 2.1 Transmutations


You had one spell level left.
You knew the following spells:

 Your Spells              Type           Power      Damage    Failure   Level
a - Beastly Appendage     Tmut           14%        N/A       10%         1
b - Wereblood             Tmut           7%         N/A       14%         2
c - Apportation           Tloc           2%         N/A       24%         1

Your spell library contained the following spells:

 Spells                   Type           Power      Damage    Failure   Level
 Spider Form              Tmut/Pois      4%         N/A       41%         3
 Ice Form                 Ice/Tmut       4%         N/A       83%         4
 Alistair's Intoxication  Tmut/Pois      2%         N/A       99%         5


Dungeon Overview and Level Annotations

Branches:
Dungeon (2/15)

Altars:

Annotations:
D:2 Terence


Innate Abilities, Weirdness & Mutations

You have temporarily grown beastly horns.
You have sharp claws.
You have razor-sharp teeth.
You have supernaturally acute eyesight. (SInv)
You cover ground quickly. (Speed+)
You are covered in fur. (AC +1)
Your paws help you pounce on unaware monsters.
You are incapable of wielding weapons or throwing items.
You cannot wear armour.
You gain extra lives every three experience levels.


Message History

Your transformation is almost over.
You scratch the hobgoblin but do no damage.
The hobgoblin closely misses you.
You scratch the hobgoblin.
The hobgoblin is severely wounded.
The hobgoblin closely misses you.
You scratch the hobgoblin.
You kill the hobgoblin!
Your horns disappear.
Terence the Incautious comes into view.
He is wielding a +0 hand axe.
Terence shouts!
A bat comes into view.
Terence says, "How do you enjoy it?"
You see here a rat corpse.
You see here a ball python corpse.
There is a stone staircase leading up here.
A worm comes into view.
A frilled lizard comes into view.
Casting: Beastly Appendage (safe; 10% risk of failure)
Press: ? - help, Q - select action, (/) - cycle Dir - look around, f - activate You grow a pair of large bovine horns.
The frilled lizard hisses angrily.
Unknown command.
You scratch the worm.
The worm is lightly wounded.
The worm bites you!
Ouch! That really hurt!
You completely miss the worm. You bite the worm.
The worm is moderately wounded.
You scratch the worm. Your headbutt misses the worm.
The worm is heavily wounded.
The frilled lizard closely misses you. The worm bites you.
* * * LOW HITPOINT WARNING * * *
Your transformation is almost over.
There is a stone staircase leading up here.
You miss the frilled lizard. Your bite misses the frilled lizard.
The frilled lizard bites you.
* * * LOW HITPOINT WARNING * * *
You miss the frilled lizard. The frilled lizard bites you.
You die...

#...†........#
#.##########.#
#.###.#
#.....#
#####.#
#####.##
##......#
#...†...#
#..@....#
#..l....#
#.......#
#.#######
#......#
#######w#
#.......#
#.####.w# #..#


You could see a frilled lizard.

Vanquished Creatures
  8 ball pythons
  2 endoplasms
  A goblin (D:1)
  2 hobgoblins
  A bat (D:1)
  4 kobolds (D:1)
  8 rats
26 creatures vanquished.

Notes
Turn   | Place    | Note
-------+----------+-------------------------------------------
     0 | D:1      | Woods the Felid Transmuter began the quest for the Orb.
     0 | D:1      | Reached XP level 1. HP: 9/9 MP: 4/4
   167 | D:1      | Found a faded altar of an unknown god.
   203 | D:1      | Reached skill level 1 in Stealth
   244 | D:1      | Reached XP level 2. HP: 9/12 MP: 4/6
   467 | D:1      | Learned a level 2 spell: Wereblood
   469 | D:1      | Learned a level 1 spell: Apportation
   900 | D:2      | Noticed Terence
   950 | D:2      | Slain by a frilled lizard

Illustrated notes

Levels and vault maps discovered:
D:1:      onia_arrival_mini_spirals, layout_basic,
          nicolae_ecumenical_snake_handling
D:2:      layout_basic, uniq_terence

Skill      XL: |  1  2 |
---------------+-------+-----
Stealth        | 1 2 |  2.2
Dodging        | 3 |  3.1
Fighting       | |  1.4
Unarmed Combat | |  3.2
Spellcasting   | |  2.0
Transmutations | |  2.1

Action                     || total
---------------------------++-------
  Melee: Unarmed           ||    49
         Bite              ||     2
         Headbutt          ||     1
         Punch             ||     1
   Cast: Beastly Appendage ||    11
   Stab: Sleeping          ||     2
 Armour: Skin              ||     2
  Dodge: Dodged            ||    36
